Map: Golden Wall LE

Players

Reynor

  • Race: Zerg Zerg
  • Spawn Location: 7:00

Trap - Winner!

  • Race: Protoss Protoss
  • Spawn Location: 5:00

Event: DreamHack SC2 Masters 2020 Summer Season Finals

VOD

Have the link to the VOD?

Description

Time

  • Played on: July 19, 2020, 9:20 a.m.
  • Length: 7:10

All games in this series

Show
View Real Time Build Order
Export as new Build Order

Reynor Zerg 

Build Orders: Hatch First 

Get SALT Encoding   

  12  0:00  Drone  
  13  0:12  Overlord  
  13  0:17  Drone  
  14  0:30  Drone x2  
  16  0:49  Hatchery  
  15  0:53  Drone  
  16  0:57  Drone  
  16  1:00  Drone  
  18  1:10  Extractor  
  17  1:16  Spawning Pool  
  16  1:19  Drone  
  16  1:21  Drone  
  18  1:28  Drone  
  19  1:39  Drone  
  20  1:49  Overlord  
  21  2:01  Drone  
  21  2:02  Drone, Queen x2  
  26  2:11  Zergling x2  
  26  2:12  Zergling x2  
  28  2:16  Metabolic Boost  
  28  2:21  Drone  
  29  2:23  Drone  
  30  2:39  Hatchery  
  30  2:40  Drone  
  30  2:41  Drone  
  31  2:44  Drone  
  31  2:50  Overlord  
  32  2:56  Queen  
  33  3:00  Zergling x4  
  33  3:04  Drone  
  36  3:09  Drone  
  36  3:12  Drone x3  
  40  3:18  Overlord  
  41  3:20  Drone  
  41  3:27  Zergling x2  
  41  3:28  Zergling x2  
  42  3:35  Queen  
  42  3:38  Spore Crawler, Zergling x4  
  43  3:43  Drone x3  
  45  3:49  Drone  
  45  3:52  Drone  
  43  3:59  Drone  
  44  4:03  Drone  
  44  4:04  Evolution Chamber  
  44  4:06  Drone x2  
  44  4:09  Queen  
  48  4:10  Drone  
  48  4:16  Overlord  
  49  4:17  Drone  
  49  4:19  Drone  
  49  4:22  Spore Crawler  
  49  4:23  Drone  
  50  4:27  Overlord  
  50  4:32  Zerg Melee Weapons Level 1  
  50  4:34  Drone x2  
  52  4:38  Spore Crawler  
  52  4:39  Drone  
  52  4:42  Drone x2  
  54  4:46  Drone x2  
  54  4:52  Zergling x6  
  59  4:53  Drone  
  59  4:54  Drone  
  59  4:56  Drone  
  59  4:59  Overlord  
  62  5:04  Drone x3  
  62  5:05  Drone  
  61  5:09  Drone  
  61  5:12  Drone x2  
  63  5:15  Drone x2  
  65  5:22  Drone x2  
  65  5:27  Overlord  
  69  5:28  Drone x3  
  69  5:35  Drone x3  
  73  5:40  Roach Warren, Lair  
  73  5:42  Drone  
  73  5:46  Drone x4  
  73  5:49  Drone  
  78  5:51  Drone  
  78  5:53  Drone  
  78  5:54  Extractor x2  
  78  5:55  Extractor x2  
  75  5:58  Queen  
  75  6:00  Zergling x4  
  75  6:01  Zergling x4  
  75  6:03  Overlord  
  81  6:05  Overlord  
  81  6:14  Extractor  
  81  6:15  Evolution Chamber, Pneumatized Carapace, Overlord  
  79  6:24  Drone x7  
  85  6:33  Drone x3  
  85  6:34  Drone x3  
  90  6:49  Roach x3  
  90  6:50  Overlord  
  96  7:00  Spine Crawler x2  
Show
View Real Time Build Order
Export as new Build Order

Trap Protoss - Winner!

Build Orders: 1 Gate Expand, Oracle Opening, Zealot Archon, Archon Drop 

Get SALT Encoding   

  12  0:00  Probe  
  13  0:13  Probe  
  14  0:18  Pylon  
  14  0:24  Probe  
  15  0:32  Probe  
  15  0:37  Gateway  
  15  0:40  Probe  
  16  0:47  Assimilator  
  17  0:51  Probe  
  18  1:03  Probe  
  19  1:15  Probe  
  20  1:24  Nexus  
  20  1:34  Cybernetics Core  
  20  1:39  Probe  
  21  1:44  Assimilator  
  21  1:51  Probe  
  22  1:55  Pylon  
  22  2:03  Probe  
  22  2:04  Adept  
  23  2:15  Probe  
  26  2:20  Stargate  
  26  2:24  Adept, Warp Gate  
  26  2:27  Probe  
  29  2:41  Probe x2  
  31  2:53  Probe  
  31  2:54  Probe  
  31  2:56  Oracle  
  31  2:58  Stalker  
  35  3:09  Probe  
  39  3:16  Probe, Pylon  
  40  3:21  Probe  
  40  3:25  Assimilator  
  41  3:28  Probe  
  41  3:33  Oracle  
  41  3:34  Probe  
  46  3:40  Probe  
  45  3:46  Assimilator, Probe  
  46  3:54  Probe  
  45  3:57  Robotics Facility  
  45  3:58  Probe  
  46  4:03  Pylon  
  46  4:06  Probe  
  46  4:08  Gateway  
  47  4:10  Probe  
  47  4:13  Twilight Council  
  47  4:16  Adept  
  50  4:22  Probe x2  
  52  4:28  Gateway  
  52  4:36  Warp Prism  
  52  4:38  Gateway, Probe x2  
  54  4:49  Charge  
  56  4:53  Templar Archives  
  56  4:57  Pylon  
  56  5:11  Probe x2  
  56  5:13  Pylon  
  55  5:26  Gateway  
  55  5:28  Gateway  
  55  5:33  High Templar x3  
  58  5:38  Gateway x2  
  58  5:39  High Templar  
  58  5:40  Immortal  
  58  5:41  Archon, Pylon  
  60  5:43  Archon  
  64  6:04  Pylon  
  64  6:06  Sentry, Pylon  
  64  6:07  Zealot  
  64  6:09  Sentry  
  70  6:15  Pylon  
  70  6:18  Observer  
  70  6:22  Sentry  
  73  6:31  Zealot x4  
  73  6:32  Zealot x2  
  83  6:33  Zealot  
  87  6:53  High Templar x2, Zealot x3  
  87  6:54  Zealot x3  
  101  6:57  Archon  
Tags
 
Add a new tag
Caveats
  • Supply blocks, unpowered buildings, or Contaminate may cause inaccurate times.
  • Supply counts are checked every 10 seconds.